 Dungeon Sprint DCSS version 0.18-a0-270-ga9d907f (webtiles) character file.

254 rb10c the Summoner (level 6, -8/32 HPs)
             Began as a Tengu Summoner on Nov 26, 2015.
             Was a Believer of Makhleb.
             Mangled by a hill giant
             ... wielding a +0 giant club
              (40 damage)
             ... in the Dungeon (Sprint IX: "|||||||||||||||||||||||||||||").
             The game lasted 00:04:53 (963 turns).

rb10c the Summoner (Tengu Summoner)                  Turns: 963, Time: 00:04:54

Health: -8/32      AC:  5    Str:  8    XL:     6   Next: 15%
Magic:  1/10       EV: 14    Int: 17    God:    Makhleb [**....]
Gold:   0          SH:  0    Dex: 15    Spells: 3 memorised, 3 levels left

rFire  . . .     SeeInvis .     o - staff of energy
rCold  . . .     Clarity  .     a - +0 robe
rNeg   . . .     SustAt   .     (no shield)
rPois  .         Gourm    .     (helmet restricted)
rElec  .         Spirit   .     (no cloak)
rCorr  .         Warding  .     p - +0 pair of gloves
rMut   .         NoTele   +     (boots unavailable)
MR     .....                    (no amulet)
Stlth  ++........               s - +2 ring of protection
                                r - +2 ring of evasion

@: not resistant to hostile enchantments, unstealthy
A: beak, talons 3, able to fly 1
a: Fly, Minor Destruction, Renounce Religion


You were in the Dungeon.
You worshipped Makhleb.
Makhleb was pleased with you.
You were not hungry.

You visited 1 branch

Inventory:

Hand Weapons
 j - a +0 short sword
 q - the +4 quarterstaff of Dissent {crush, +Blink rF+ Str-5}
   (You found it in the Dungeon)

   It inflicts extra damage upon your enemies.
   It affects your strength (-5).
   It protects you from fire.
   It lets you blink.
Armour
 a - a +0 robe (worn)
 p - a +0 pair of gloves (worn)
Magical Staves
 o - an uncursed staff of energy (weapon)
Jewellery
 r - a +2 ring of evasion (left hand)
 s - a +2 ring of protection (right hand)
Wands
 n - a wand of cold (6)
Scrolls
 i - 2 scrolls of blinking
 l - 3 scrolls of remove curse
 m - 2 scrolls of amnesia
Potions
 d - 5 potions of curing
 e - 3 potions of heal wounds
 f - a potion of haste
 g - 4 potions of magic
 h - a potion of berserk rage
 k - a potion of invisibility
Books
 b - a book of Callings

   Spells                             Type                      Level
   a - Summon Small Mammal            Summoning                    1
   b - Call Imp                       Summoning                    2
   c - Call Canine Familiar           Summoning                    3
   d - Summon Guardian Golem          Hexes/Summoning              3
   e - Summon Lightning Spire         Summoning/Air                4
   f - Summon Ice Beast               Ice/Summoning                4
Comestibles
 c - a bread ration


   Skills:
 - Level 2.1 Dodging
 - Level 2.0 Stealth
 - Level 2.0 Spellcasting
 - Level 14.2 Summonings
 + Level 2.6 Invocations


You had 3 spell levels left.
You knew the following spells:

 Your Spells              Type           Power        Failure   Level  Hunger
a - Summon Small Mammal   Summ           ####         1%          1    None
b - Call Imp              Summ           #####...     1%          2    None
c - Summon Guardian Gole  Hex/Summ       ####....     3%          3    None


Dungeon Overview and Level Annotations

Branches:
Dungeon (1/1)

Altars:
Cheibriados
Dithmenos
Elyvilon
Fedhas
Gozag
Kikubaaqudgha
Makhleb
Nemelex Xobeh
Okawaru
Qazlal
Ru
Sif Muna
Trog
Vehumet
Xom
Yredelemnul
Zin
The Shining One
Beogh
Jiyva
Lugonu


Innate Abilities, Weirdness & Mutations

You have a beak for a mouth.
You have claws for feet.
You can fly.


Message History

The orc wizard blinks!
Evoke which item? (* to show all) (? for menu, Esc to quit)
Zapping:
n - a wand of cold (7)
Press: ? - help, Shift-Dir - straight line, f/p - hill giant
Aim: a hill giant, wielding a giant club The bolt of cold hits the orc wizard.
You kill the orc wizard!
Makhleb accepts your kill.
Your Invocations skill gained 2 levels and is now at level 2!
The bolt of cold hits the hill giant.
The hill giant is moderately wounded.
The bolt of cold misses the centaur warrior.
This wand has 6 charges left.
There is an open door to the Dungeon here.
Casting: Summon Guardian Golem
Confirm with . or Enter, or press ? or * to list all spells.
A guardian golem appears, shielding your allies.
The hill giant hits you with a giant club!!!
Ouch! That really hurt!
You die...

▓.▓
▓'▓
▓.▓
▓)▓
▓.▓
▓.▓
▓c▓
▓C▓
▓@▓
▓.▓
▓8▓
▓.▓
▓<▓
▓▓▓


You could see a hill giant and a centaur warrior.

Vanquished Creatures
  An orc wizard (D)
  A worker ant (D)
  A giant gecko (D)
  A bat skeleton (D)
4 creatures vanquished.

Vanquished Creatures (collateral kills)
  2 necrophages (D)
  A scorpion (D)
  2 orcs (D)
  A kobold (D)
  2 bats (D)
  A giant cockroach (D)
  A giant cockroach zombie (D)
  A jackal (D)
  A rat (D)
12 creatures vanquished.

Vanquished Creatures (others)
  A gargoyle (D)
1 creature vanquished.

Grand Total: 17 creatures vanquished

Notes
Turn   | Place    | Note
--------------------------------------------------------------
     0 | D        | rb10c the Tengu Summoner began the quest for the Orb.
     0 | D        | Reached XP level 1. HP: 10/10 MP: 4/4
    11 | D        | Reached skill level 5 in Summonings
    43 | D        | Reached skill level 6 in Summonings
   170 | D        | Noticed a worker ant
   203 | D        | Killed a worker ant
   203 | D        | Reached skill level 7 in Summonings
   203 | D        | Reached XP level 2. HP: 6/15 MP: 0/6
   238 | D        | Reached skill level 8 in Summonings
   419 | D        | Learned a level 2 spell: Call Imp
   457 | D        | Found a glowing silver altar of Zin.
   457 | D        | Found a glowing golden altar of the Shining One.
   457 | D        | Found an ancient bone altar of Kikubaaqudgha.
   457 | D        | Found a basalt altar of Yredelemnul.
   457 | D        | Found a shimmering altar of Xom.
   457 | D        | Found a radiant altar of Vehumet.
   460 | D        | Found an iron altar of Okawaru.
   461 | D        | Found a burning altar of Makhleb.
   462 | D        | Found a deep blue altar of Sif Muna.
   463 | D        | Found a bloodstained altar of Trog.
   464 | D        | Found a sparkling altar of Nemelex Xobeh.
   465 | D        | Found a white marble altar of Elyvilon.
   466 | D        | Found a roughly hewn altar of Beogh.
   467 | D        | Found a viscous altar of Jiyva.
   470 | D        | Found a corrupted altar of Lugonu.
   471 | D        | Found a blossoming altar of Fedhas.
   472 | D        | Found a snail-covered altar of Cheibriados.
   473 | D        | Found a shadowy altar of Dithmenos.
   474 | D        | Found a stormy altar of Qazlal.
   475 | D        | Found an opulent altar of Gozag.
   476 | D        | Found a sacrificial altar of Ru.
   491 | D        | Became a worshipper of Makhleb the Destroyer
   535 | D        | Noticed a necrophage
   535 | D        | Noticed a gargoyle
   535 | D        | Noticed a necrophage
   535 | D        | Noticed a scorpion
   546 | D        | Got the +4 quarterstaff of Dissent {crush, +Blink rF+ Str-5}
   586 | D        | Killed a scorpion
   586 | D        | Reached * piety under Makhleb
   586 | D        | Reached skill level 9 in Summonings
   586 | D        | Reached XP level 3. HP: 19/19 MP: 7/7
   598 | D        | Learned a level 3 spell: Summon Guardian Golem
   602 | D        | Killed a necrophage
   602 | D        | Reached skill level 10 in Summonings
   602 | D        | Reached XP level 4. HP: 24/24 MP: 3/8
   606 | D        | Reached skill level 11 in Summonings
   613 | D        | Killed a gargoyle
   613 | D        | Reached skill level 13 in Summonings
   613 | D        | Gained mutation: You can fly. [Tengu growth]
   613 | D        | Reached XP level 5. HP: 11/28 MP: 4/9
   664 | D        | Killed a necrophage
   664 | D        | Reached ** piety under Makhleb
   664 | D        | Reached skill level 14 in Summonings
   664 | D        | Reached XP level 6. HP: 10/32 MP: 2/10
   879 | D        | Noticed a centaur warrior
   879 | D        | Noticed a hill giant
   963 | D        | Mangled by a hill giant

Vault maps used:
D:        linesprint

Action                   |  1- 3 |  4- 6 || total
-------------------------+-------+-------++-------
Melee: Short sword       |     4 |       ||     4
 Cast: Summon Small Mamm |    12 |       ||    12
       Call Imp          |     7 |     7 ||    14
       Summon Guardian G |     1 |     3 ||     4
Evoke: Staff of energy   |     1 |       ||     1
       Wand              |       |     1 ||     1
